 Dungeon Crawl Stone Soup version 0.28-a0-1638-g9123634e07 (webtiles) character file.

Game seed: 6840003878091309849

12607 wakim the Grappler (level 11, -5/109 HPs)
             Began as a Troll Hunter on Jan 25, 2022.
             Was a Follower of Uskayaw.
             Slain by a molten gargoyle (10 damage)
             ... on level 10 of the Dungeon.
             The game lasted 00:39:31 (9934 turns).

wakim the Grappler (Troll Hunter)                   Turns: 9934, Time: 00:39:31

Health: -5/109     AC:  4    Str: 22    XL:     11   Next: 64%
Magic:  15/15      EV: 14    Int:  7    God:    Uskayaw [*.....]
Gold:   490        SH:  0    Dex: 14    Spells: 10/10 levels left

rFire   . . .      SeeInvis .     - Unarmed
rCold   . . .      Faith    .   (no shield)
rNeg    . . .      Spirit   .   b - +0 robe
rPois   +          Reflect  .   (helmet restricted)
rElec   .          Harm     .   (no cloak)
rCorr   +          Rampage  .   (gloves unavailable)
Will    .....                   (boots unavailable)
Stlth   +.........              Y - amulet of regeneration
HPRegen 1.88/turn               t - ring "Sigekky" {rCorr EV+4}
MPRegen 0.14/turn               Z - ring of poison resistance

@: studying Throwing
A: large, unfitting armour, claws 3, regeneration 1, shaggy fur 1, tough skin 1
a: Renounce Religion, Stomp


You were on level 10 of the Dungeon.
You worshipped Uskayaw.
Uskayaw was noncommittal.
You visited 3 branches of the dungeon, and saw 12 of its levels.
You also visited: Sewer and Ossuary.

You collected 490 gold pieces.

Inventory:

Hand Weapons
 L - the +5 dagger of Frustration {flame, Will++ Str-2 Dex+6}
   (You found it on level 7 of the Dungeon)

   It burns those it strikes, dealing additional fire damage.
   Str:       It affects your strength (-2).
   Dex:       It affects your dexterity (+6).
   Will:      It greatly increases your willpower.
Missiles
 c - 8 large rocks {=f}
 s - 241 stones (quivered)
 z - 31 poisoned darts
 S - 2 throwing nets {=f!f}
 W - a curare-tipped dart {=f}
Armour
 b - a +0 robe (worn)
Jewellery
 t - the ring "Sigekky" (left claw) {rCorr EV+4}
   (You found it on level 8 of the Dungeon)

   [ring of evasion]

   EV:        It affects your evasion (+4).
   rCorr:     It protects you from acid and corrosion.
 C - a ring of positive energy
 K - a ring of protection from cold
 O - a ring of see invisible
 Y - an amulet of regeneration (around neck)
 Z - a ring of poison resistance (right claw)
Wands
 v - a wand of flame (15)
 w - a wand of acid (8)
 x - a wand of iceblast (4)
 G - a wand of charming (5)
Scrolls
 R - a scroll of magic mapping {!r}
 T - a scroll of teleportation
 X - a scroll of fog
Potions
 i - 2 potions of berserk rage {!q}
 B - 2 potions of attraction {!q}
 D - 4 potions of brilliance
 E - 2 potions of cancellation
 F - 5 potions of curing
 I - 6 potions of invisibility
 J - 3 potions of heal wounds
 M - 2 potions of mutation {!q}
 N - 3 potions of might
 Q - a potion of resistance {unknown}
 U - a potion of experience {unknown}
 V - 2 potions of haste {unknown}


   Skills:
 + Level 7.6 Fighting
 + Level 9.1 Throwing
 - Level 1.5 Dodging
 - Level 0.3 Stealth
 * Level 11.8 Unarmed Combat
 + Level 7.0 Invocations


You had 10 spell levels left.
You didn't know any spells.
Your spell library contained the following spells:

 Spells                   Type           Power      Damage    Failure   Level
 Freeze                   Ice            0%         1d3       43%         1
 Blink                    Tloc           0%         N/A       56%         2
 Frozen Ramparts          Ice            0%         1d2       80%         3
 Lesser Beckoning         Tloc           0%         N/A       80%         3
 Hailstorm                Conj/Ice       0%         3d3       99%         4
 Ice Form                 Ice/Tmut       0%         N/A       99%         4
 Summon Ice Beast         Ice/Summ       0%         N/A       99%         4
 Manifold Assault         Tloc           0%         N/A       100%        5
 Borgnjor's Revivificati  Necr           0%         N/A       100%        8
 Necromutation            Tmut/Necr      0%         N/A       100%        8
 Death's Door             Necr           0%         N/A       100%        9


Dungeon Overview and Level Annotations

Branches:
Dungeon (10/15)            Temple (1/1) D:4            Lair (0/6) D:9
    Orc (1/2) D:9           Sewer (visited)         Ossuary (visited)

Altars:
Cheibriados
Elyvilon
Fedhas
Gozag
Kikubaaqudgha
Makhleb
Qazlal
Ru
Sif Muna
Trog
Uskayaw
Vehumet
Wu Jian
Xom
Yredelemnul
The Shining One

Annotations:
D:8 exclusion: centaur warrior
D:9 Maggie


Innate Abilities, Weirdness & Mutations

You are too large for most types of armour.
You have claws for hands.
Your natural rate of healing is unusually fast.
You are covered in fur. (AC +1)
You have tough skin. (AC +1)


Message History

You now have 482 gold pieces (gained 20).
Done exploring.
Done exploring.
There is a staircase back to the Dungeon here.
You climb upwards.
Welcome back to the Dungeon!
Level annotation: Maggie
There is a staircase to the Orcish Mines here.
There is a stone staircase leading down here.
You climb downwards.
There is a stone staircase leading up here.
Found 8 gold pieces.
You now have 490 gold pieces (gained 8).
A molten gargoyle comes into view. It is wielding a +0 flail.
A molten gargoyle comes into view. It is wielding a +0 mace.
The molten gargoyle blasts magma at you!
The bolt of magma hits you!!
The molten gargoyle hits you with a +0 mace!
You are engulfed in flames!
* * * LOW HITPOINT WARNING * * *
You claw the molten gargoyle!
The molten gargoyle is moderately damaged.
The molten gargoyle blasts magma at you!
The bolt of magma hits you!!
* * * LOW HITPOINT WARNING * * *
You feel much better.
The molten gargoyle blasts magma at you!
The bolt of magma hits you!!
* * * LOW HITPOINT WARNING * * *
You scratch the molten gargoyle but do no damage.
Your claw misses the molten gargoyle.
The molten gargoyle is moderately damaged.
The molten gargoyle blasts magma at you!
The bolt of magma misses you.
Unknown command.
You claw the molten gargoyle!
The molten gargoyle is severely damaged.
The molten gargoyle hits you with a +0 mace!!
* * * LOW HITPOINT WARNING * * *
You are engulfed in flames!
You die...

##########################
..........................
.......#####..............
...............#@..#...##.
###...########.#.9.# ..#
#.#.# #..........> #.#.#
#.......).... # #...#
#.#.#.#.###.. # ##...
.#.#.#..# . # #.... §§.≈
..#.. # #....# §§ ≈ . ...
# #.....


You could see a molten gargoyle.

Vanquished Creatures
  A hydra (D:8)
  A boulder beetle (D:8)
  A two-headed ogre (D:8)
  A wizard (D:9)
  An orc knight (Orc:1)
  A cyclops (D:8)
  An elephant (D:9)
  A gargoyle (D:5)
  A komodo dragon (D:8)
  5 large abominations (D:9)
  A slime creature (D:8)
  Prince Ribbit (D:9)
  Sigmund (D:6)
  3 wyverns
  5 yaks (D:8)
  A basilisk (D:8)
  A vampire mosquito (D:8)
  Edmund (D:6)
  A warg (D:10)
  7 small abominations (D:9)
  A water moccasin (D:5)
  4 orc warriors
  4 necrophages
  A sky beast (D:6)
  2 black bears (D:9)
  3 ogres
  3 centaurs
  3 phantoms (D:9)
  6 kobold brigands
  The ghost of wakim the Gusty, an amateur TeAE (D:3)
  4 bullfrogs
  2 wyvern zombies
  2 scorpions (D:5)
  A troll zombie (D:9)
  A water moccasin skeleton (D:6)
  5 wights (D:6)
  5 howler monkeys
  A bullfrog zombie (D:6)
  6 orc priests
  A centaur zombie (Ossuary)
  A gnoll shaman (D:10)
  2 jellies
  A centaur skeleton (D:6)
  An iguana (D:4)
  A scorpion zombie (D:3)
  5 orc wizards (D:8)
  7 ogre zombies (D:9)
  A hound zombie (D:3)
  A hound skeleton (D:5)
  4 mummies (Ossuary)
  A howler monkey zombie (D:7)
  A howler monkey skeleton (D:6)
  7 adders
  8 river rats
  A shadow imp (D:6)
  A white imp (D:6)
  An ufetubus (D:4)
  2 dart slugs
  29 orcs
  7 endoplasms
  11 giant cockroaches
  7 goblins
  5 hobgoblins
  3 jackals
  38 kobolds
  4 quokkas
  11 ball pythons
  9 bats
  3 frilled lizards
  A goblin skeleton (D:9)
  2 goblin zombies (D:9)
  3 hobgoblin skeletons (D:9)
  12 hobgoblin zombies
  16 orc zombies (D:9)
  20 rats
319 creatures vanquished.

Vanquished Creatures (others)
  10 plants
10 creatures vanquished.

Grand Total: 329 creatures vanquished

Notes
Turn   | Place    | Note
-------+----------+-------------------------------------------
     0 | D:1      | wakim the Troll Hunter began the quest for the Orb.
     0 | D:1      | Reached XP level 1. HP: 19/19 MP: 0/0
     0 | D:1      | Noticed a minotaur zombie
    84 | D:1      | Reached skill level 1 in Unarmed Combat
   110 | D:1      | Reached XP level 2. HP: 28/28 MP: 1/1
   355 | D:1      | Reached XP level 3. HP: 28/35 MP: 2/2
   713 | D:1      | Found a faded altar of an unknown god.
   779 | D:2      | Reached skill level 2 in Unarmed Combat
   796 | D:2      | !bestwep
   985 | D:2      | Reached XP level 4. HP: 33/42 MP: 3/3
  1392 | D:3      | Found a runed translucent door.
  1394 | D:3      | Noticed a bullfrog
  1398 | D:3      | Noticed wakim's ghost (amateur TeAE)
  1441 | D:3      | Found a sacrificial altar of Ru.
  1454 | D:3      | Found a shimmering altar of Xom.
  1459 | D:3      | Found a blossoming altar of Fedhas.
  1895 | D:3      | Found an ornate altar of the Wu Jian Council.
  1987 | D:3      | Reached skill level 3 in Unarmed Combat
  1987 | D:3      | Reached XP level 5. HP: 38/50 MP: 4/4
  1990 | D:3      | Identified the +3 mace of the Mind {flame, rF+ rC+ MP+9
                  | Str+4}
  1994 | D:3      | !bestwep
  2035 | D:3      | Found a runed translucent door.
  2324 | D:3      | Killed wakim's ghost
  2325 | D:3      | Reached XP level 6. HP: 46/61 MP: 5/5
  2639 | D:4      | Found a sand-covered staircase.
  2650 | Ossuary  | Entered an ossuary
  2736 | Ossuary  | Reached skill level 4 in Unarmed Combat
  2796 | D:4      | Reached skill level 5 in Throwing
  2928 | D:4      | Reached XP level 7. HP: 45/68 MP: 6/6
  3118 | D:4      | Found a staircase to the Ecumenical Temple.
  3186 | Temple   | Entered the Ecumenical Temple
  3241 | Temple   | Became a worshipper of Uskayaw the Reveller
  3663 | D:5      | Entered Level 5 of the Dungeon
  3737 | D:5      | Reached skill level 1 in Invocations
  3737 | D:5      | Reached * piety under Uskayaw
  3739 | D:5      | Reached ** piety under Uskayaw
  3740 | D:5      | Reached skill level 5 in Unarmed Combat
  3882 | D:5      | Found a radiant altar of Vehumet.
  3943 | D:5      | Found a glowing drain.
  3966 | Sewer    | Entered a sewer
  4054 | Sewer    | Reached *** piety under Uskayaw
  4135 | Sewer    | Reached XP level 8. HP: 61/78 MP: 8/8
  4935 | D:5      | Noticed a gargoyle
  4942 | D:5      | Reached skill level 6 in Unarmed Combat
  5031 | D:5      | Killed a gargoyle
  5188 | D:6      | Reached skill level 7 in Unarmed Combat
  5222 | D:6      | Reached skill level 5 in Fighting
  5228 | D:6      | Reached **** piety under Uskayaw
  5329 | D:6      | Noticed Edmund
  5339 | D:6      | Killed Edmund
  5340 | D:6      | Reached XP level 9. HP: 64/86 MP: 10/10
  5341 | D:6      | !bestwep
  5800 | D:6      | Noticed Sigmund
  5807 | D:6      | Killed Sigmund
  6023 | D:7      | Found a burning altar of Makhleb.
  6136 | D:7      | Reached skill level 8 in Unarmed Combat
  6399 | D:7      | Found a basalt altar of Yredelemnul.
  6416 | D:7      | Identified the +5 dagger of Frustration {flame, Will++
                  | Str-2 Dex+6}
  6418 | D:7      | !bestwep
  6701 | D:7      | Noticed a four-headed hydra
  7216 | D:8      | Noticed a two-headed ogre
  7243 | D:8      | Killed a two-headed ogre
  7244 | D:8      | Reached skill level 9 in Unarmed Combat
  7282 | D:8      | Reached XP level 10. HP: 88/98 MP: 12/12
  7301 | D:8      | Noticed a centaur warrior
  7374 | D:8      | Noticed a five-headed hydra
  7374 | D:8      | Noticed a cyclops
  7437 | D:8      | Reached skill level 5 in Invocations
  7453 | D:8      | Killed a cyclops
  7569 | D:8      | Killed a six-headed hydra
  7582 | D:8      | Reached ***** piety under Uskayaw
  7664 | D:8      | Noticed a boulder beetle
  7679 | D:8      | Killed a boulder beetle
  7680 | D:8      | Reached skill level 10 in Unarmed Combat
  7697 | D:8      | Identified the ring "Sigekky" {rCorr EV+4}
  7757 | D:8      | Found a glowing golden altar of the Shining One.
  8073 | D:9      | Found a staircase to the Orcish Mines.
  8329 | D:9      | Noticed Prince Ribbit
  8349 | D:9      | Killed Prince Ribbit
  8350 | D:9      | Reached XP level 11. HP: 71/107 MP: 14/14
  8402 | D:9      | Found an ancient bone altar of Kikubaaqudgha.
  8471 | D:9      | Found a staircase to the Lair.
  8682 | D:9      | Noticed Maggie
  8938 | D:9      | Identified the +5 hand crossbow of Qiontir {freeze, rElec}
  9223 | D:9      | Noticed a wizard
  9230 | D:9      | Killed a wizard
  9231 | D:9      | Reached skill level 11 in Unarmed Combat
  9236 | D:9      | Noticed a large abomination
  9236 | D:9      | Noticed a large abomination
  9248 | D:9      | Killed a large abomination
  9248 | D:9      | Killed a large abomination
  9272 | D:9      | Identified the +7 war axe "Giqix" {freeze, +Blink rC+}
  9281 | D:9      | !bestwep
  9334 | D:10     | Entered Level 10 of the Dungeon
  9434 | D:10     | Identified a scroll of acquirement
  9434 | D:10     | Acquired a manual of Throwing
  9444 | D:10     | Noticed a tengu warrior
  9544 | D:10     | Noticed a two-headed ogre
  9644 | Orc:1    | Entered Level 1 of the Orcish Mines
  9665 | Orc:1    | Noticed an orc knight
  9673 | Orc:1    | HP: 3/109 [orc knight (28)]
  9675 | Orc:1    | Killed an orc knight
  9934 | D:10     | HP: 5/109 [molten gargoyle (19)]
  9934 | D:10     | Slain by a molten gargoyle

Illustrated notes #####.##.##... #.....##.##... #.###.##...... #.# #........# #.# #.#######. #.# #......... #####.# ########## #.....# # #@##### # #.# # #.# #.# #.# #.# .r. #.# Turn 796 on D:2: !bestwep [#....##.#...#$#.####.# #.##.......##.##......# #.#.......#.#....##### #.##...##.##....# ..#.#...#.#...#### #.###.##..# ..#...#....# #..#...#..?<..# ## #@.[#.####.# #####.# ..# ... #≈≈≈# ..# #≈$≈# [..# #≈≈≈# #≈≈≈# #≈≈B# Turn 1994 on D:3: !bestwep #.. ..#.#....... #.# #.#.######## #.#####.#.# ######.##......# #### #.......#.##.### #... #.####.......# #.## ###...........# #......#......# #.#@.###......... #.#..# #......### .....(........# ##.############# #. #. ## ###### #..... #...<. Turn 5341 on D:6: !bestwep #.. #.. ..## ..#####.# #...... ......... #..#..# .######># ..#..# #.. #.#.. ### #.#.# ######## #...# #....... ##.@.## ###.#####> #..P..# #......... #..P..# #....###.. #..P..# #....# #.† ##.P..#####....###.. #....##.##......... #....#.#.########## #._...# #.######### #....## ##........# Turn 6418 on D:7: !bestwep

.#####..#
#..#......8......# #..
........#
#..#####.....#######..
........# #..#
#........<).....
........# #..#
#..#####.[).....
........# #..# #..#
#..####.. ........#
########### #..# #..
........###....#.|)#
#..# #..
..........#....#(..#
#..# #..
........#.')...#@.)#
#..# #..
###########....##'##
#### ### #....#...#
#....#...# #....'...#
#....#...# ##########


Turn 9281 on D:9: !bestwep

Levels and vault maps discovered:
D:1:      shiori_arrival_whats_in_store_for_you, layout_loops_ring,
          dilly_ecumenical_altar_fadedgnrine
D:2:      layout_loops_ring
D:3:      layout_loops_corners, mainiacjoe_overflow_catwalk, lemuel_tele_altar,
          grunt_temple_overflow_open, ebering_ghost_sewer_f, minmay_vboxes
D:4:      layout_layer_cave, temple_pool_b, enter_ossuary_5,
          hangedman_decor_lopped
D:5:      kennysheep_big_flooded_room, layout_loops_ring, kennysheep_little_box,
          gup_sewer_entry_glass, columned_hall_lemuel
D:6:      layout_loops_cross, uniq_edmund, uniq_sigmund
D:7:      layout_loops_cross, mainiacjoe_overflow_boulevard,
          mainiacjoe_overflow_paths, kennysheep_small_circle
D:8:      minmay_tri_box, layout_loops_corners, nicolae_overflow_hidden_temple
D:9:      layout_small_grid, lemuel_round_altar, david_lair_generic,
          zombieorc2_lemuel, laboratory, uniq_maggie, uniq_prince_ribbit1
D:10:     lemuel_castle_with_subvaults [lemuel_castle_interior_carwin_3],
          layout_stronghold, mainiacjoe_overflow_cross_hatched, minivault_8
Temple:   minmay_temple_forest_path
Orc:1:    layout_diamond_mine, basic_altar

Skill      XL: |  1  2  3  4  5  6  7  8  9 10 11 |
---------------+----------------------------------+-----
Unarmed Combat | 1 2 3 4 5 7 9 10 11 | 11.8
Fighting       | 2 3 4 5 6 7 |  7.6
Throwing       | 4 5 6 7 8 9 |  9.1
Invocations    | 1 3 4 6 7 |  7.0
Dodging        | |  1.5
Stealth        | |  0.3

Action                   |  1- 3 |  4- 6 |  7- 9 | 10-12 || total
-------------------------+-------+-------+-------+-------++-------
Melee: Unarmed           |   124 |   148 |   264 |   240 ||   776
       Punch             |       |     6 |     7 |    11 ||    24
Throw: Stone             |       |    11 |    93 |    17 ||   121
       Dart              |       |       |    19 |     8 ||    27
Invok: Stomp             |       |       |     3 |    14 ||    17
       Line Pass         |       |       |     2 |     1 ||     3
Evoke: Wand              |       |       |       |     5 ||     5
  Use: Scroll            |       |     8 |     6 |     7 ||    21
       Potion            |       |       |     1 |     3 ||     4
 Stab: Sleeping          |     2 |     1 |       |       ||     3
       Paralysed         |       |       |     2 |    18 ||    20
Armor: Robe              |    40 |    51 |    51 |    43 ||   185
Dodge: Dodged            |    63 |    61 |   110 |   181 ||   415

Table legend: (Time is in decaauts)
 A = Elapsed time spent in this place.
 B = Non-inter-level travel time spent in this place.
 C = Inter-level travel time spent in this place.
 D = Time resting spent in this place.
 E = Time spent auto-exploring this place.
 F = Levels seen in this place.
 G = Mean time per level.
                   A        B        C        D        E       F      G
               +--------+--------+--------+--------+--------+-----+--------+
         Total |   9829 |   9145 |    684 |    424 |   5452 |  14 |  702.1 |
       Dungeon |   8895 |   8252 |    643 |    343 |   5010 |  10 |  889.5 |
        Temple |    115 |     84 |     31 |      0 |     56 |   1 |  115.0 |
  Orcish Mines |    160 |    150 |     10 |     52 |     62 |   1 |  160.0 |
         Sewer |    528 |    528 |      0 |      0 |    301 |   1 |  528.0 |
       Ossuary |    129 |    129 |      0 |     29 |     23 |   1 |  129.0 |
               +--------+--------+--------+--------+--------+-----+--------+

Top non-repeatable levels by time:
     D:8: 1376 daAuts
     D:9: 1298 daAuts
     D:3: 1116 daAuts
     D:5: 981 daAuts
     D:4: 968 daAuts
     D:7: 761 daAuts
     D:6: 744 daAuts
     D:1: 741 daAuts
     D:2: 628 daAuts
   Sewer: 528 daAuts
    D:10: 279 daAuts
   Orc:1: 160 daAuts
 Ossuary: 129 daAuts
  Temple: 115 daAuts
